 Dungeon Crawl Stone Soup version 0.20.1-1-g8b1a95d66d (webtiles) character file.

459 Glamhuggeren the Chopper (level 7, -2/60 HPs)
             Began as a Naga Warper on Dec 18, 2017.
             Was an Initiate of Cheibriados.
             Slain by an orc warrior
             ... wielding a +0 dire flail
              (13 damage)
             ... on level 5 of the Dungeon.
             The game lasted 00:26:22 (5208 turns).

Glamhuggeren the Chopper (Naga Warper)              Turns: 5208, Time: 00:26:22

Health: -2/60      AC:  5    Str: 15    XL:     7   Next: 6%
Magic:  2/12       EV:  9    Int: 14    God:    Cheibriados [......]
Gold:   184        SH:  0    Dex: 13    Spells: 2/13 levels left

rFire    . . .     SeeInvis +   a - +0 hand axe
rCold    . . .     Gourm    +   (no shield)
rNeg     . . .     Faith    .   b - +0 leather armour
rPois    +         Spirit   .   (no helmet)
rElec    .         Reflect  .   (no cloak)
rCorr    .         Harm     .   g - +1 pair of gloves
MR       .....                  (no barding)
Stlth    +.........             s - amulet of the gourmand
Regen    0.2/turn               (no ring)
MPRegen  0.2/turn               (no ring)

@: short of breath, very slow
A: see invisible, deformed body, poison resistance, slowness 2, slow metabolism
1, spit poison 1, AC +2
a: Spit Poison, Bend Time, Renounce Religion


You were on level 5 of the Dungeon.
You worshipped Cheibriados.
Cheibriados was noncommittal.
You were not hungry.

You visited 2 branches of the dungeon, and saw 7 of its levels.

You collected 184 gold pieces.

Inventory:

Hand Weapons
 a - a +0 hand axe (weapon)
Missiles
 e - 3 tomahawks of dispersal (quivered)
 i - 7 tomahawks
Armour
 b - a +0 leather armour (worn)
 g - a +1 pair of gloves (worn)
Jewellery
 d - an uncursed ring of resist corrosion {unknown}
 s - an amulet of the gourmand (around neck)
Scrolls
 j - 10 scrolls of identify
 k - 2 scrolls of enchant armour
 o - a scroll of teleportation {unknown}
 p - a scroll of remove curse
 v - a scroll of magic mapping {unknown}
Potions
 h - a potion of might {unknown}
 x - a potion of flight {unknown}
Books
 c - a book of Spatial Translocations

   Spells                             Type                      Level
   a - Blink                          Translocation                2
   b - Shroud of Golubria             Charms/Translocation         2
   c - Lesser Beckoning               Translocation                3
   d - Gell's Gravitas                Translocation                3
   e - Teleport Other                 Translocation                3
   f - Passage of Golubria            Translocation                4
Comestibles
 f - 4 bread rations
 m - 2 royal jellies
 r - 3 meat rations


   Skills:
 - Level 2.0 Fighting
 * Level 5.7 Axes
 - Level 0.8 Throwing
 - Level 0.7 Armour
 - Level 1.5 Dodging
 + Level 3.9 Spellcasting
 + Level 4.0 Translocations


You had 2 spell levels left.
You knew the following spells:

 Your Spells              Type           Power        Failure   Level  Hunger
a - Blink                 Tloc           N/A          7%          2    ##.....
b - Shroud of Golubria    Chrm/Tloc      #.........   16%         2    ##.....
c - Gell's Gravitas       Tloc           ##........   14%         3    ###....
d - Passage of Golubria   Tloc           N/A          41%         4    ####...


Dungeon Overview and Level Annotations

Branches:
Dungeon (6/15)             Temple (1/1) D:5

Altars:
Ashenzari
Cheibriados
Dithmenos
Elyvilon
Fedhas
Gozag
Kikubaaqudgha
Makhleb
Nemelex Xobeh
Okawaru
Qazlal
Ru
Sif Muna
Trog
Uskayaw
Vehumet
Xom
Yredelemnul
Zin
The Shining One


Innate Abilities, Weirdness & Mutations

You cannot wear boots.
Your serpentine skin is tough. (AC +2)
You have supernaturally acute eyesight. (SInv)
Armour fits poorly on your strangely shaped body.
Your system is resistant to poisons. (rPois)
You cover ground very slowly.
You have a slow metabolism.
You can spit poison.


Message History

The orc wizard mumbles some strange words.
The orc wizard blinks!
There is a stone staircase leading up here.
The orc warrior hits you with a dire flail!
The orc wizard casts a spell.
The orc wizard blinks!
You climb upwards.
There is a stone staircase leading down here.
Press: ? - help, Shift-Dir - straight line, f - orc warrior
Aim: an orc warrior, wielding a dire flail and wearing a chain mail (heavily wounded)
The splash of poison hits the orc warrior.
The orc warrior is poisoned.
The orc warrior is heavily wounded.
You feel slightly more hungry.
The orc warrior hits you with a dire flail!
* * * LOW HITPOINT WARNING * * *
You barely miss the orc warrior.
The orc warrior is heavily wounded.
The orc warrior hits you with a dire flail!
You die...

#........###########.(...)...
#..................#.........
#.<......#########...........
#........# #.............
#........#######.##..........
#........##......#...........
###.........######.#.(.......
#######...###########..#.........
..........# #@.......#........
..........# #.o.............#.
.......#..# #........###.####.
##...###..# #........# #.# ##.
###..#...# #........###.###..
##...### #........#<...#... #####
#........#......#.
#........#....####
#........######


You could see an orc warrior.

Vanquished Creatures
  An ogre (D:5)
  Blork the orc (D:5)
  A scorpion (D:4)
  3 worker ants (D:4)
  2 hound skeletons (D:4)
  2 adders (D:2)
  4 gnolls (D:3)
  2 adder skeletons
  3 worms
  2 dart slugs (D:1)
  A leopard gecko (D:2)
  3 orcs
  6 giant cockroaches
  9 hobgoblins
  10 kobolds
  A quokka (D:3)
  4 ball pythons
  7 bats
  4 frilled lizards
  13 goblins
  2 rats
81 creatures vanquished.

Notes
Turn   | Place    | Note
-------+----------+-------------------------------------------
     0 | D:1      | Glamhuggeren the Naga Warper began the quest for the Orb.
     0 | D:1      | Reached XP level 1. HP: 19/19 MP: 3/3
   172 | D:1      | Reached XP level 2. HP: 17/26 MP: 5/5
   793 | D:1      | You fall through a shaft!
   806 | D:2      | Reached XP level 3. HP: 32/32 MP: 7/7
   977 | D:2      | Reached skill level 3 in Axes
  1455 | D:2      | Reached XP level 4. HP: 38/39 MP: 8/8
  1474 | D:2      | Found a bloodstained altar of Trog.
  1487 | D:2      | Found an opulent altar of Gozag.
  1975 | D:3      | Learned a level 2 spell: Blink
  1978 | D:3      | Learned a level 2 spell: Shroud of Golubria
  1982 | D:3      | Learned a level 3 spell: Gell's Gravitas
  2759 | D:3      | Reached skill level 4 in Axes
  2759 | D:3      | Reached XP level 5. HP: 22/45 MP: 9/9
  3439 | D:4      | HP: 2/45 [scorpion (4)]
  3755 | D:4      | Reached XP level 6. HP: 6/52 MP: 3/11
  4489 | D:4      | Reached skill level 5 in Axes
  4577 | D:5      | Entered Level 5 of the Dungeon
  4586 | D:5      | Found a shimmering altar of Xom.
  4836 | D:5      | Noticed a two-headed ogre
  4861 | D:5      | Noticed Blork the orc
  4894 | D:5      | Killed Blork the orc
  4894 | D:5      | Reached XP level 7. HP: 38/60 MP: 5/12
  4974 | D:5      | Found a staircase to the Ecumenical Temple.
  4985 | Temple   | Entered the Ecumenical Temple
  5007 | Temple   | Became a worshipper of Cheibriados the Contemplative
  5187 | D:6      | Learned a level 4 spell: Passage of Golubria
  5208 | D:5      | Slain by an orc warrior

Skill      XL: |  1  2  3  4  5  6 |
---------------+-------------------+-----
Axes           | 3 4 5 |  5.7
Spellcasting   | 3 |  3.9
Translocations | 4 |  4.0
Fighting       | |  2.0
Throwing       | |  0.8
Armour         | |  0.7
Dodging        | |  1.5

Action                   |  1- 3 |  4- 6 |  7- 9 || total
-------------------------+-------+-------+-------++-------
Melee: Hand axe          |   121 |   204 |     1 ||   326
Throw: Tomahawk          |       |     7 |       ||     7
 Cast: Gell's Gravitas   |       |     3 |     4 ||     7
       Blink             |       |    12 |       ||    12
 Abil: Spit Poison       |    17 |    26 |     3 ||    46
  Use: Scroll            |       |     8 |       ||     8
       Potion            |       |     6 |       ||     6
  Eat: Chunk             |    18 |     8 |       ||    26
Armor: Leather armour    |    64 |    75 |       ||   139
       Skin              |       |    10 |       ||    10
Dodge: Dodged            |    75 |    99 |     4 ||   178
